 Dungeon Crawl Stone Soup version 0.31-a0-523-g071a6c1ffa (webtiles) character file.

Game seed: 10437071821740613133

2128 arthad the Covered (level 9, -1/79 HPs)
             Began as a Minotaur Fighter on Aug 11, 2023.
             Was a Priest of Okawaru.
             Slain by a two-headed ogre
             ... wielding a +0 giant spiked club
              (11 damage)
             ... on level 7 of the Dungeon.
             The game lasted 00:09:24 (4171 turns).

arthad the Covered (Minotaur Fighter)               Turns: 4171, Time: 00:09:25

Health: -1/79      AC: 13    Str: 26    XL:     9   Next: 8%
Magic:  9/9        EV: 10    Int:  5    God:    Okawaru [***...]
Gold:   366        SH:  9    Dex:  9    Spells: 8/8 levels left

rFire   . . .        a - +0 war axe
rCold   + . .        n - +0 kite shield
rNeg    . . .        b - +0 scale mail
rPois   .            (helmet restricted)
rElec   .            (no cloak)
rCorr   .            D - +0 pair of gloves
SInv    .            y - +3 pair of mountain boots {steadfast, rC+}
Will    .....        t - amulet of regeneration Stlth
                     (no ring)
HPRegen 1.13/turn    (no ring)
MPRegen 0.11/turn

%: no passive effects
@: no status effects
A: horns 2, retaliatory headbutt
a: Renounce Religion, Heroism


You were on level 7 of the Dungeon.
You worshipped Okawaru.
Okawaru was most pleased with you.
You visited 2 branches of the dungeon, and saw 8 of its levels.

You collected 366 gold pieces.

Inventory:

Hand Weapons
 a - a +0 war axe (weapon)
 B - a +1 whip of electrocution
 C - the +4 sling of Conformity {elec, Stlth+}
   (You found it on level 5 of the Dungeon)

   Stlth+:    It makes you more stealthy.
 F - a +2 battleaxe
Missiles
 j - 2 atropa-tipped darts
 p - 14 poisoned darts
 G - 11 boomerangs
Armour
 b - a +0 scale mail (worn)
 c - a +0 buckler
 n - a +0 kite shield (worn)
 y - the +3 pair of mountain boots (worn) {steadfast, rC+}
   (You found it on level 4 of the Dungeon)

   Steadfast: It prevents involuntary movement, except for blinking,
   teleportation, or banishment.
   rC+:       It protects you from cold.
 D - a +0 pair of gloves (worn)
Magical Staves
 v - a staff of conjuration
Jewellery
 t - an amulet of regeneration (around neck)
Wands
 k - a wand of polymorph (11)
 H - a wand of flame (12)
Scrolls
 e - a scroll of butterflies {unknown}
 g - 2 scrolls of teleportation {unknown}
 h - 5 scrolls of amnesia {unknown}
 i - 2 scrolls of torment {unknown}
 m - a scroll of identify {unknown}
 o - a scroll of silence {unknown}
 q - a scroll of blinking {unknown}
 s - 2 scrolls of immolation {unknown}
 u - a scroll of enchant weapon {unknown}
 w - a scroll of enchant armour {unknown}
 A - a scroll of fog {unknown}
Potions
 d - 2 potions of might
 f - a potion of invisibility {unknown}
 l - 3 potions of degeneration {unknown}
 r - 2 potions of curing {unknown}
 x - a potion of haste {unknown}
 z - 2 potions of brilliance {unknown}
 E - a potion of attraction {unknown}


   Skills:
 * Level 7.4 Fighting
 * Level 7.0 Axes
 * Level 7.5 Armour
 + Level 4.0 Dodging
 * Level 7.5 Shields
 + Level 2.5 Invocations


You had 8 spell levels left.
You didn't know any spells.
Your spell library contained the following spells:

 Spells                   Type           Power      Damage    Failure   Level
 Inner Flame              Hex/Fire       0%         N/A       99%         3
 Yara's Violent Unravell  Hex/Tmut       0%         3d3       100%        5
 Enfeeble                 Hex            0%         N/A       100%        7


Dungeon Overview and Level Annotations

Branches:
Dungeon (7/15)             Temple (1/1) D:4

Altars:
Cheibriados
Dithmenos
Elyvilon
Fedhas
Gozag
Hepliaklqana
Kikubaaqudgha
Makhleb
Okawaru
Qazlal
Ru
Sif Muna
Trog
Uskayaw
Vehumet
Wu Jian
Yredelemnul
Zin
The Shining One

Shops:
D:1 [   D:6 :

Annotations:
D:3 3 runed translucent doors, SirDiesAlot's ghost, amateur OpSh


Innate Abilities, Weirdness & Mutations

You have a pair of horns on your head.
You reflexively headbutt those who attack you in melee.


Message History

You see here a +0 robe.
Partly explored, can't reach some places.
Partly explored, can't reach some places.
Partly explored, can't reach some places.
There is a stone staircase leading down here.
You climb downwards.
There is a stone staircase leading up here.
You now have 366 gold pieces (gained 10).
You pick up a book of Misfortune and begin reading...
You add the spells Inner Flame, Yara's Violent Unravelling and Enfeeble to your library.
A two-headed ogre comes into view.
It is wielding two +0 giant spiked clubs.
The two-headed ogre shouts in stereo!
You hear an angry hiss.
You hear a croak.
Aiming: Throw Flame
Press: ? - help, Shift-Dir - straight line, f - two-headed ogre
Aim: a two-headed ogre, wielding two +0 giant spiked clubs (85% to hit)
The puff of flame misses the two-headed ogre.
You slice the two-headed ogre!!
The two-headed ogre is moderately wounded.
The two-headed ogre hits you with a +0 giant spiked club!!
The two-headed ogre hits you with a +0 giant spiked club!
You barely miss the two-headed ogre.
The two-headed ogre is moderately wounded.
A steam dragon comes into view.
The two-headed ogre barely misses you.
The two-headed ogre hits you with a +0 giant spiked club!
You are too injured to fight recklessly!
You are too injured to fight recklessly!
You hit the two-headed ogre.
The two-headed ogre is heavily wounded.
A bullfrog comes into view.
The bullfrog croaks.
You hit the two-headed ogre.
The two-headed ogre is heavily wounded.
The two-headed ogre hits you with a +0 giant spiked club. x2
You barely miss the two-headed ogre.
The two-headed ogre is heavily wounded.
The two-headed ogre hits you with a +0 giant spiked club!!
* * * LOW HITPOINT WARNING * * *
The two-headed ogre hits you with a +0 giant spiked club!
You die...

...... .....
.... D.. ..## ..
....###F
..###..O####
#.....@...##
...###...###.##
......###.....#
..###.#......#
##.....#.....#.#
#......#......#
#.....#.....##
#......#.###.#
#.....###.....#


You could see a two-headed ogre, a steam dragon and a bullfrog.

Vanquished Creatures
  4 yaks (D:6)
  Menkaure (D:6)
  A water moccasin (D:5)
  A black bear (D:5)
  4 ogres
  3 bullfrogs
  A scorpion (D:5)
  4 wights (D:6)
  A howler monkey (D:5)
  A jelly (D:6)
  2 iguanas
  A sleepcap (D:5)
  An orc wizard (D:4)
  10 gnolls
  6 adders
  A shadow imp (D:6)
  A white imp (D:6)
  An ufetubus (D:6)
  2 worms (D:2)
  A dart slug (D:2)
  8 orcs
  2 bats
  6 endoplasms
  4 giant cockroaches
  7 goblins
  5 hobgoblins
  2 jackals (D:2)
  7 kobolds
  3 quokkas (D:1)
  9 ball pythons
  3 frilled lizards
  6 rats
109 creatures vanquished.

Notes
Turn   | Place    | Note
-------+----------+-------------------------------------------
     0 | D:1      | arthad the Minotaur Fighter began the quest for the Orb.
     0 | D:1      | Reached XP level 1. HP: 19/19 MP: 0/0
   176 | D:1      | Reached XP level 2. HP: 27/27 MP: 1/1
   558 | D:1      | Found Nolaha's Armour Emporium.
   604 | D:2      | Reached XP level 3. HP: 33/33 MP: 2/2
   708 | D:2      | Reached skill level 1 in Dodging
   859 | D:2      | Found a radiant altar of Vehumet.
  1121 | D:3      | Reached XP level 4. HP: 34/40 MP: 3/3
  1160 | D:3      | Found a faded altar of an unknown god.
  1468 | D:3      | Found a runed translucent gate.
  1475 | D:3      | Found a runed translucent gate.
  1476 | D:3      | Found a runed translucent gate.
  1478 | D:3      | Noticed SirDiesAlot's ghost (amateur OpSh)
  1547 | D:3      | Found a radiant altar of Vehumet.
  2233 | D:4      | Reached XP level 5. HP: 34/47 MP: 4/4
  2429 | D:4      | Found a stormy altar of Qazlal.
  2462 | D:4      | Found a staircase to the Ecumenical Temple.
  2517 | Temple   | Entered the Ecumenical Temple
  2526 | Temple   | Became a worshipper of Warmaster Okawaru
  2735 | D:4      | Found the +3 pair of mountain boots {steadfast, rC+}
  2806 | D:5      | Entered Level 5 of the Dungeon
  2818 | D:5      | Noticed an ogre
  2824 | D:5      | Killed an ogre
  2825 | D:5      | Reached skill level 5 in Armour
  2825 | D:5      | Reached skill level 5 in Shields
  2825 | D:5      | Reached XP level 6. HP: 43/55 MP: 5/5
  2915 | D:5      | Reached skill level 5 in Fighting
  3055 | D:5      | Noticed a water moccasin
  3066 | D:5      | Killed a water moccasin
  3066 | D:5      | Reached * piety under Okawaru
  3099 | D:5      | Found a sacrificial altar of Ru.
  3108 | D:5      | Identified the +4 sling of Conformity {elec, Stlth+}
  3121 | D:5      | Reached XP level 7. HP: 35/61 MP: 6/6
  3275 | D:5      | Reached skill level 5 in Axes
  3506 | D:6      | Noticed a yak
  3507 | D:6      | Noticed a yak
  3508 | D:6      | Noticed a yak
  3508 | D:6      | Noticed a yak
  3513 | D:6      | Killed a yak
  3513 | D:6      | Reached ** piety under Okawaru
  3517 | D:6      | Reached skill level 1 in Invocations
  3517 | D:6      | Killed a yak
  3518 | D:6      | Reached XP level 8. HP: 23/71 MP: 4/8
  3521 | D:6      | Reached *** piety under Okawaru
  3668 | D:6      | Reached XP level 9. HP: 62/79 MP: 6/9
  3671 | D:6      | Noticed Menkaure
  3678 | D:6      | Killed Menkaure
  3763 | D:6      | Found an ornate altar of the Wu Jian Council.
  3996 | D:6      | Found Jumaisus's Book Boutique.
  4165 | D:7      | Noticed a two-headed ogre
  4171 | D:7      | Slain by a two-headed ogre

Illustrated notes

Levels and vault maps discovered:
D:1:      saegor_arrival_under_anarchy, layout_rooms, serial_shops,
          nicolae_shop_real_fake_doors, nrook_mini_backslash,
          nicolae_concentric_dashed_squares_wild
D:2:      layout_rooms, basic_altar, columned_hall_lemuel
D:3:      layout_basic, nicolae_overflow_crystal_walls,
          gammafunk_ghost_necromancy, dreamdust_ecumenical_altar_statues
D:4:      layout_loops_cross, old_standard_altar,
          minmay_temple_entry_nine_rooms, kennysheep_pointless_box
D:5:      layout_gridville, old_standard_altar
D:6:      layout_cave_pools, nicolae_wu_jian_glorious_leap, serial_shops,
          nicolae_shop_behind_doors, grunt_decor_cap, uniq_menkaure
D:7:      nicolae_BIG_FREAKIN_CUBE, layout_basic, mainiacjoe_overflow_alcove_1,
          nemelex_diamond_rough_becter, minmay_misc_feat_encased
Temple:   hellmonk_temple_two_chambers

Skill      XL: |  1  2  3  4  5  6  7  8  9 |
---------------+----------------------------+-----
Shields        | 4 5 6 7 |  7.5
Axes           | 3 4 5 6 7 |  7.0
Armour         | 4 5 6 7 |  7.5
Fighting       | 4 5 6 7 |  7.4
Dodging        | 1 2 3 4 |  4.0
Invocations    | 1 2 |  2.5

Action                     |  1- 3 |  4- 6 |  7- 9 || total
---------------------------+-------+-------+-------++-------
  Melee: War axe           |    97 |    91 |    80 ||   268
         Headbutt          |    14 |    16 |    11 ||    41
  Throw: Dart              |       |     2 |       ||     2
 Invoke: Heroism           |       |       |     2 ||     2
  Evoke: Wand              |       |       |     1 ||     1
    Use: Potion            |       |       |     1 ||     1
 Armour: Scale mail        |    46 |    41 |    56 ||   143
  Dodge: Dodged            |    38 |    33 |    46 ||   117
  Block: Buckler           |    15 |       |       ||    15
         Kite shield       |     9 |    44 |    55 ||   108

Table legend: (Time is in decaauts)
 A = Elapsed time spent in this place.
 B = Non-inter-level travel time spent in this place.
 C = Inter-level travel time spent in this place.
 D = Time resting spent in this place.
 E = Time spent auto-exploring this place.
 F = Levels seen in this place.
 G = Mean time per level.
                   A        B        C        D        E       F      G
               +--------+--------+--------+--------+--------+-----+--------+
         Total |   4270 |   4076 |    194 |     66 |   3228 |   8 |  533.8 |
       Dungeon |   4251 |   4074 |    177 |     66 |   3228 |   7 |  607.3 |
        Temple |     18 |      2 |     16 |      0 |      0 |   1 |   18.0 |
               +--------+--------+--------+--------+--------+-----+--------+

Top non-repeatable levels by time:
     D:3: 992 daAuts
     D:5: 786 daAuts
     D:4: 765 daAuts
     D:1: 599 daAuts
     D:6: 586 daAuts
     D:2: 496 daAuts
     D:7: 24 daAuts
  Temple: 18 daAuts
